[Event "FICS rated lightning game"]
[Site "FICS freechess.org"]
[FICSGamesDBGameNo "20003140"]
[White "snel"]
[Black "BigBob"]
[WhiteElo "1633"]
[BlackElo "1523"]
[WhiteRD "na"]
[BlackRD "na"]
[TimeControl "120+0"]
[Date "1999.10.27"]
[Time "12:23:00"]
[WhiteClock "0:02:00.000"]
[BlackClock "0:02:00.000"]
[ECO "D00"]
[PlyCount "77"]
[Result "1-0"]

1. d4 d5 2. Nc3 c5 3. dxc5 e6 4. e4 Nf6 5. exd5 Nxd5 6. Nxd5 Qxd5 7. Qxd5 exd5 8. Be3 Nd7 9. Bb5 Be7 10. Nf3 O-O 11. O-O-O Nxc5 12. Rxd5 Be6 13. Rd2 Ne4 14. Re2 Bxa2 15. b3 Rac8 16. Kb2 Bxb3 17. cxb3 Bf6+ 18. Bd4 Bxd4+ 19. Nxd4 Nc3 20. Re7 Rfd8 21. Nf3 Nxb5 22. Rxb7 a6 23. Rb6 Rd6 24. Rxd6 Nxd6 25. Ra1 Ra8 26. Ra5 Nb5 27. Ne5 f6 28. Nc6 Re8 29. Rxa6 Re2+ 30. Kc1 Rxf2 31. Nd8 Rxg2 32. h4 Nd4 33. Ra8 Nxb3+ 34. Kd1 h6 35. Ne6+ Kh7 36. Nf8+ Kh8 37. Ng6+ Kh7 38. Nf4 f5 39. Nxg2 {Black resigns} 1-0

[Event "FICS rated blitz game"]
[Site "FICS freechess.org"]
[FICSGamesDBGameNo "20003139"]
[White "CoolTrain"]
[Black "BorHogg"]
[WhiteElo "1550"]
[BlackElo "1403"]
[WhiteRD "na"]
[BlackRD "na"]
[TimeControl "840+0"]
[Date "1999.10.27"]
[Time "11:44:00"]
[WhiteClock "0:14:00.000"]
[BlackClock "0:14:00.000"]
[ECO "B13"]
[PlyCount "63"]
[Result "1-0"]

1. e4 c6 2. d4 d5 3. exd5 cxd5 4. Bd3 Nf6 5. c3 e6 6. Bf4 Nbd7 7. Nf3 Be7 8. Nbd2 b6 9. Qc2 Bb7 10. Ne5 O-O 11. Ndf3 Nxe5 12. dxe5 Ne4 13. Rd1 Qc7 14. Nd2 Rac8 15. Nb3 Bg5 16. Bxg5 Nxg5 17. h4 Qxe5+ 18. Kf1 Ne4 19. Rh3 Rc7 20. Kg1 Rfc8 21. Re3 Qd6 22. Bxe4 Qe7 23. Bxh7+ Kf8 24. g3 g6 25. Bxg6 fxg6 26. Qxg6 Qf7 27. Qxe6 Qxe6 28. Rxe6 Rf7 29. Rde1 d4 30. Nxd4 Bd5 31. Rh6 Kg7 32. Rd6 {Black forfeits on time} 1-0

[Event "FICS rated blitz game"]
[Site "FICS freechess.org"]
[FICSGamesDBGameNo "20003138"]
[White "xnandrie"]
[Black "EarlthePearl"]
[WhiteElo "1275"]
[BlackElo "1365"]
[WhiteRD "na"]
[BlackRD "na"]
[TimeControl "120+12"]
[Date "1999.10.27"]
[Time "10:54:00"]
[WhiteClock "0:02:00.000"]
[BlackClock "0:02:00.000"]
[ECO "D10"]
[PlyCount "115"]
[Result "1-0"]

1. d4 d5 2. c4 c6 3. cxd5 cxd5 4. Nc3 Nf6 5. e3 e6 6. Bd3 Bb4 7. a3 Ba5 8. b4 Bc7 9. Nge2 O-O 10. O-O Bd6 11. e4 dxe4 12. Nxe4 Nxe4 13. Bxe4 f5 14. Bf3 Nc6 15. Bb2 Bd7 16. d5 exd5 17. Qxd5+ Kh8 18. Qxd6 Qe7 19. Qxe7 Nxe7 20. Bxb7 Rab8 21. Bf3 Rfc8 22. Nf4 Rc2 23. Rab1 Rbc8 24. Nh5 Kg8 25. Bxg7 Rd2 26. Bh6 Ra2 27. Rb3 Ba4 28. Re3 Ng6 29. Nf6+ Kf7 30. Nd7 Bxd7 31. Bd5+ Kf6 32. Rh3 Rd2 33. Bxd2 Rc2 34. Rxh7 Bb5 35. Rd1 Ke5 36. Bf7 Ne7 37. Re1+ Kf6 38. Be3 Nc6 39. Be8 Bd3 40. Bxc6 Rxc6 41. Rxa7 Re6 42. a4 f4 43. Bd2 Rc6 44. b5 Rc2 45. b6 Rxd2 46. b7 Rb2 47. a5 Be4 48. a6 Bc6 49. h3 Kf5 50. Rd1 Kg5 51. f3 Kh4 52. Ra8 Bxb7 53. axb7 Rxb7 54. Kh2 Rb5 55. Rh8+ Kg5 56. h4+ Kg6 57. h5+ Kg5 58. h6 {Black resigns} 1-0

[Event "FICS rated blitz game"]
[Site "FICS freechess.org"]
[FICSGamesDBGameNo "20003136"]
[White "persidis"]
[Black "agkazama"]
[WhiteElo "1390"]
[BlackElo "1269"]
[WhiteRD "na"]
[BlackRD "na"]
[TimeControl "120+12"]
[Date "1999.10.27"]
[Time "09:32:00"]
[WhiteClock "0:02:00.000"]
[BlackClock "0:02:00.000"]
[ECO "D53"]
[PlyCount "72"]
[Result "0-1"]

1. d4 d5 2. c4 e6 3. Nc3 Nf6 4. Bg5 Be7 5. Nf3 Ne4 6. Qc2 Bxg5 7. Nxe4 dxe4 8. Ne5 O-O 9. Qxe4 Bf6 10. O-O-O Nc6 11. Nxc6 bxc6 12. e3 Rb8 13. Bd3 g6 14. h4 Bg7 15. h5 f5 16. Qf3 Qg5 17. hxg6 hxg6 18. Rh3 Qg4 19. Rg3 Qxf3 20. gxf3 Kf7 21. Rdg1 Bf6 22. Rxg6 e5 23. Rh6 exd4 24. Rh7+ Ke8 25. e4 fxe4 26. Bxe4 Bb7 27. Bf5 Bc8 28. Re1+ Kd8 29. Bg6 c5 30. b3 Bg5+ 31. Kb2 Bf6 32. Ka3 Rb6 33. f4 Ra6+ 34. Kb2 d3+ 35. Kc1 Rxa2 36. Kb1 Ra1# {White checkmated} 0-1

[Event "FICS rated blitz game"]
[Site "FICS freechess.org"]
[FICSGamesDBGameNo "20003135"]
[White "delaru"]
[Black "Shatranje"]
[WhiteElo "1580"]
[BlackElo "1243"]
[WhiteRD "na"]
[BlackRD "na"]
[TimeControl "180+0"]
[Date "1999.10.27"]
[Time "09:29:00"]
[WhiteClock "0:03:00.000"]
[BlackClock "0:03:00.000"]
[ECO "C30"]
[PlyCount "117"]
[Result "1-0"]

1. e4 e5 2. f4 d6 3. Nf3 Nc6 4. Bc4 Na5 5. Bxf7+ Kxf7 6. fxe5 Bg4 7. O-O dxe5 8. Nxe5+ Ke6 9. Qxg4+ Kxe5 10. Rf5+ Kd6 11. Rd5+ Kc6 12. Rxd8 Rxd8 13. Nc3 b6 14. Qe6+ Kb7 15. d3 Bc5+ 16. Kh1 Ne7 17. Bg5 Rhe8 18. Bxe7 Rxe7 19. Qh3 Rf8 20. a3 Nc6 21. Nd5 Ref7 22. g3 Rf2 23. b4 Bd4 24. Re1 Rxc2 25. e5 Rff2 26. e6 Rxh2+ 27. Qxh2 Rxh2+ 28. Kxh2 Bc3 29. e7 Nxe7 30. Rxe7 Ka6 31. Nxc3 h6 32. Rxc7 b5 33. Rxg7 Kb6 34. Rg6+ Kc7 35. Nxb5+ Kb7 36. Nxa7 Kxa7 37. Rxh6 Kb7 38. g4 Kc7 39. g5 Kd7 40. g6 Ke7 41. g7 Kf7 42. Rh7 Kg8 43. a4 Kxh7 44. a5 Kxg7 45. a6 Kf7 46. a7 Ke6 47. a8=Q Ke5 48. Qe4+ Kd6 49. Kg3 Kc7 50. Kf4 Kb6 51. Qe5 Kc6 52. Qc5+ Kd7 53. b5 Ke6 54. Qc6+ Ke7 55. b6 Kf7 56. b7 Kf8 57. b8=Q+ Ke7 58. Qbb7+ Kd8 59. Qcc8# {Black checkmated} 1-0

[Event "FICS rated lightning game"]
[Site "FICS freechess.org"]
[FICSGamesDBGameNo "20003134"]
[White "jjoe"]
[Black "Penjo"]
[WhiteElo "1327"]
[BlackElo "1845"]
[WhiteRD "na"]
[BlackRD "na"]
[TimeControl "120+0"]
[Date "1999.10.27"]
[Time "08:29:00"]
[WhiteClock "0:02:00.000"]
[BlackClock "0:02:00.000"]
[ECO "A00"]
[PlyCount "76"]
[Result "0-1"]

1. e3 c5 2. d3 d5 3. b3 Nc6 4. Bb2 e5 5. Ne2 f6 6. Nd2 Be6 7. Ng3 Bd6 8. Be2 Nge7 9. O-O O-O 10. e4 d4 11. a3 b5 12. Bc1 a5 13. h3 Qc7 14. Nf3 Kh8 15. Nh2 Ng6 16. Bg4 Bxg4 17. Qxg4 Nce7 18. Nf5 Nxf5 19. Qxf5 c4 20. Qf3 cxb3 21. cxb3 Qc3 22. Qd1 Rac8 23. Ra2 Nf4 24. Qd2 Qxd3 25. Qxd3 Nxd3 26. Bd2 b4 27. a4 Rc6 28. Nf3 Rfc8 29. Ne1 Nxe1 30. Rxe1 Kg8 31. Kf1 Kf7 32. Ke2 Rc2 33. Rxc2 Rxc2 34. Rc1 Rxc1 35. Bxc1 Ke6 36. Kd3 g6 37. g3 f5 38. f4 fxe4+ {White forfeits on time} 0-1

[Event "FICS rated blitz game"]
[Site "FICS freechess.org"]
[FICSGamesDBGameNo "20003133"]
[White "Arcetri"]
[Black "wink"]
[WhiteElo "1198"]
[BlackElo "1475"]
[WhiteRD "na"]
[BlackRD "na"]
[TimeControl "120+12"]
[Date "1999.10.27"]
[Time "07:30:00"]
[WhiteClock "0:02:00.000"]
[BlackClock "0:02:00.000"]
[ECO "C55"]
[PlyCount "132"]
[Result "0-1"]

1. e4 e5 2. Nf3 Nc6 3. Bc4 Be7 4. d3 Nf6 5. Nc3 O-O 6. O-O d6 7. Be3 Na5 8. Bd5 c6 9. Bb3 Nxb3 10. axb3 b6 11. Na4 Bb7 12. c4 b5 13. Nc3 bxc4 14. bxc4 Re8 15. Rxa7 Rxa7 16. Bxa7 Qa5 17. Be3 Ra8 18. Bd2 Qb6 19. b3 Bc8 20. Qc1 Bg4 21. Qb2 Bxf3 22. gxf3 Qb7 23. Ra1 Rxa1+ 24. Qxa1 Ne8 25. Qa4 Nc7 26. b4 Kf8 27. b5 cxb5 28. Nxb5 Nxb5 29. Qxb5 Qxb5 30. cxb5 Bd8 31. Be3 Bc7 32. b6 Bb8 33. Kg2 Ke8 34. Kg3 Kd7 35. f4 Kc6 36. f5 d5 37. exd5+ Kxd5 38. Kg4 f6 39. h4 Kc6 40. h5 h6 41. Kf3 Bd6 42. Ke2 Bb4 43. d4 Bc3 44. dxe5 Bxe5 45. Kd3 Bd6 46. Kc4 Be7 47. Kb3 Bd8 48. Kc4 Be7 49. Kb3 Bd8 50. Kc4 Be7 51. f4 Bd6 52. Kb3 Be7 53. Ka4 Bd6 54. Ka5 Kd5 55. b7 Ke4 56. Bc1 Kxf5 57. Ka6 Bb8 58. Be3 Kg4 59. Ba7 Bxf4 60. Kb6 Kxh5 61. Kc6 Kg4 62. Kd7 h5 63. Kc8 h4 64. Bb8 Be3 65. Bc7 Ba7 66. Bd6 h3 {White forfeits on time} 0-1

[Event "FICS rated blitz game"]
[Site "FICS freechess.org"]
[FICSGamesDBGameNo "20003132"]
[White "Cepera"]
[Black "vieto"]
[WhiteElo "1447"]
[BlackElo "1523"]
[WhiteRD "na"]
[BlackRD "na"]
[TimeControl "120+12"]
[Date "1999.10.27"]
[Time "06:37:00"]
[WhiteClock "0:02:00.000"]
[BlackClock "0:02:00.000"]
[ECO "B23"]
[PlyCount "182"]
[Result "1/2-1/2"]

1. e4 c5 2. Nc3 Nc6 3. f4 g6 4. g3 Bg7 5. Bg2 d6 6. Nf3 Bd7 7. O-O e6 8. h3 Nge7 9. d3 d5 10. Kh2 Nd4 11. Ne2 Nec6 12. c3 Nxf3+ 13. Bxf3 d4 14. e5 Qb6 15. Qb3 h5 16. Qxb6 axb6 17. Bxc6 Bxc6 18. cxd4 Bb5 19. Rf3 O-O-O 20. dxc5 bxc5 21. Nc3 Ba6 22. Be3 Rxd3 23. Kg2 b6 24. Rc1 Kb7 25. Na4 Rd5 26. Bxc5 bxc5 27. Nxc5+ Kb6 28. Rb3+ Ka7 29. Ra3 Rxc5 30. Rxc5 Bf8 31. Rc7+ Kb6 32. Rxa6+ Kxc7 33. Ra7+ Kc6 34. Rxf7 Bc5 35. Rf6 h4 36. Rxe6+ Kd5 37. Rxg6 hxg3 38. Kxg3 Ra8 39. a3 Be7 40. Kg4 Rh8 41. Rg7 Rh4+ 42. Kf5 Bf8 43. Rg8 Bh6 44. Rg4 Rxh3 45. Kf6 Rb3 46. e6 Rxb2 47. e7 Re2 48. f5 Bc1 49. Kf7 Bxa3 50. e8=Q Rxe8 51. Kxe8 Ke5 52. Ra4 Bb2 53. Ra5+ Kf6 54. Rb5 Ba1 55. Kd7 Be5 56. Kc6 Kxf5 57. Kd5 Kf6 58. Ke4 Bh2 59. Rd5 Ke6 60. Rh5 Bg1 61. Rh6+ Kd7 62. Kd5 Kc7 63. Rg6 Bf2 64. Rg7+ Kb6 65. Kc4 Kc6 66. Rg2 Be3 67. Re2 Bg1 68. Re6+ Kd7 69. Kd5 Kc7 70. Re7+ Kb6 71. Re6+ Kc7 72. Rc6+ Kd7 73. Rc1 Bf2 74. Rf1 Be3 75. Rf7+ Kc8 76. Kc6 Kb8 77. Rb7+ Ka8 78. Kc7 Bf4+ 79. Kc8 Bg5 80. Rb5 Bd2 81. Rb2 Be3 82. Kc7 Bd4 83. Rb4 Bc5 84. Rb5 Be3 85. Ra5+ Ba7 86. Rf5 Be3 87. Rf8+ Ka7 88. Rf3 Bb6+ 89. Kc6 Bd4 90. Rf7+ Kb8 91. Rb7+ Ka8 {Game drawn by mutual agreement} 1/2-1/2

[Event "FICS rated blitz game"]
[Site "FICS freechess.org"]
[FICSGamesDBGameNo "20003131"]
[White "smok"]
[Black "Dipsy"]
[WhiteElo "1621"]
[BlackElo "1492"]
[WhiteRD "na"]
[BlackRD "na"]
[TimeControl "180+0"]
[Date "1999.10.27"]
[Time "06:30:00"]
[WhiteClock "0:03:00.000"]
[BlackClock "0:03:00.000"]
[ECO "E83"]
[PlyCount "60"]
[Result "0-1"]

1. d4 g6 2. c4 d6 3. Nc3 Bg7 4. e4 Nf6 5. f3 O-O 6. Be3 Nc6 7. Qd2 e5 8. d5 Ne7 9. O-O-O c6 10. h4 Qa5 11. h5 b5 12. hxg6 fxg6 13. Bh6 b4 14. Nb1 c5 15. Bxg7 Kxg7 16. Qh6+ Kg8 17. g4 Rf7 18. Nh3 Rg7 19. Ng5 Qxa2 20. Ne6 Bxe6 21. Bd3 Bd7 22. g5 Ne8 23. Rh2 Qb3 24. Qh4 a5 25. Qf2 a4 26. Bc2 Qa2 27. Rdh1 a3 28. b3 Ba4 29. Qe1 Bxb3 30. Bxb3 Qxb3 {White forfeits on time} 0-1

[Event "FICS rated blitz game"]
[Site "FICS freechess.org"]
[FICSGamesDBGameNo "20003130"]
[White "kici"]
[Black "CCCP"]
[WhiteElo "1821"]
[BlackElo "1822"]
[WhiteRD "na"]
[BlackRD "na"]
[TimeControl "120+6"]
[Date "1999.10.27"]
[Time "06:29:00"]
[WhiteClock "0:02:00.000"]
[BlackClock "0:02:00.000"]
[ECO "D31"]
[PlyCount "65"]
[Result "1-0"]

1. e4 e6 2. d4 c6 3. c4 d5 4. Nc3 Bb4 5. exd5 exd5 6. cxd5 cxd5 7. Bb5+ Nc6 8. a3 Bxc3+ 9. bxc3 Nf6 10. Nf3 Qe7+ 11. Ne5 O-O 12. Bxc6 bxc6 13. O-O Ba6 14. Re1 Qd6 15. Bf4 Rfe8 16. Qf3 Qf8 17. Nxc6 Ne4 18. Ne5 f6 19. Nd7 Qf7 20. Nc5 Nxc5 21. dxc5 Bb7 22. Qd3 Re4 23. Bd6 Rae8 24. Rxe4 dxe4 25. Qb5 Bd5 26. c6 e3 27. fxe3 Qe6 28. c7 Rc8 29. Qc5 Qe4 30. Kf1 Qxg2+ 31. Ke1 Qh1+ 32. Kd2 Qxh2+ 33. Bxh2 {Black resigns} 1-0

[Event "FICS rated blitz game"]
[Site "FICS freechess.org"]
[FICSGamesDBGameNo "20003129"]
[White "Bjoern"]
[Black "nabulio"]
[WhiteElo "2003"]
[BlackElo "1953"]
[WhiteRD "na"]
[BlackRD "na"]
[TimeControl "180+0"]
[Date "1999.10.27"]
[Time "02:50:00"]
[WhiteClock "0:03:00.000"]
[BlackClock "0:03:00.000"]
[ECO "B28"]
[PlyCount "139"]
[Result "1/2-1/2"]

1. e4 c5 2. Nf3 a6 3. b4 cxb4 4. d4 d5 5. e5 Bg4 6. Be2 Nc6 7. Bb2 e6 8. O-O Nh6 9. c4 bxc3 10. Nxc3 Be7 11. h3 Bxf3 12. Bxf3 Nf5 13. Na4 h5 14. Bxh5 g6 15. Be2 Qa5 16. Bc3 Qc7 17. Rc1 b5 18. Nb2 Qd7 19. a4 b4 20. Be1 Ncxd4 21. Nd3 O-O 22. Nc5 Bxc5 23. Rxc5 Rab8 24. Bxa6 b3 25. Bb5 Nxb5 26. axb5 Rxb5 27. Rxb5 Qxb5 28. Bc3 b2 29. Qb1 Rb8 30. Re1 d4 31. Bd2 Ne7 32. h4 Nd5 33. h5 Nc3 34. Bxc3 dxc3 35. hxg6 c2 36. gxf7+ Kf8 37. Qxc2 b1=Q 38. Qd2 Qxe1+ 39. Qxe1 Qb1 40. Kf1 Qxe1+ 41. Kxe1 Kxf7 42. Ke2 Rb4 43. g3 Kg6 44. f4 Kf5 45. Kf3 Rb3+ 46. Ke2 Kg4 47. Kf2 Rxg3 48. Ke2 Rf3 49. Kd2 Rxf4 50. Ke2 Kf5 51. Kd3 Kxe5 52. Ke3 Rf5 53. Kd3 Rf4 54. Ke3 Kf5 55. Kd3 e5 56. Ke3 e4 57. Ke2 Rf3 58. Kd2 Kf4 59. Ke2 e3 60. Kd1 Rf2 61. Ke1 Kf3 62. Kd1 e2+ 63. Kc2 Rf1 64. Kd3 e1=Q 65. Kd4 Qe4+ 66. Kc3 Rc1+ 67. Kb2 Qc4 68. Ka3 Rc3+ 69. Kb2 Qb3+ 70. Ka1 {Black ran out of time and White has no material to mate} 1/2-1/2

[Event "FICS rated blitz game"]
[Site "FICS freechess.org"]
[FICSGamesDBGameNo "20003128"]
[White "FunkyChess"]
[Black "moveonbackasqre"]
[WhiteElo "1297"]
[BlackElo "1143"]
[WhiteRD "na"]
[BlackRD "na"]
[TimeControl "180+1"]
[Date "1999.10.27"]
[Time "02:25:00"]
[WhiteClock "0:03:00.000"]
[BlackClock "0:03:00.000"]
[ECO "C42"]
[PlyCount "86"]
[Result "0-1"]

1. e4 e5 2. Nf3 Nf6 3. Bc4 Nxe4 4. d3 d5 5. dxe4 dxc4 6. Qxd8+ Kxd8 7. Nxe5 Bd6 8. Nxf7+ Ke7 9. Nxh8 Be6 10. Nc3 Nc6 11. Bg5+ Kd7 12. O-O-O Rxh8 13. f4 h6 14. Bh4 g5 15. fxg5 hxg5 16. Bxg5 Rg8 17. Bf6 Rxg2 18. e5 Nxe5 19. Bxe5 Bf5 20. Rd2 Rxd2 21. Kxd2 Bxe5 22. Rf1 Bh3 23. Rf7+ Ke6 24. Rf8 Bxh2 25. Rh8 Bf4+ 26. Ke2 Bg4+ 27. Kf2 Be5 28. Rh7 Bf5 29. Rh6+ Kd7 30. Ke3 c5 31. Rh5 Bd4+ 32. Kf4 Bxc2 33. Rh2 Bxc3 34. Rxc2 Bf6 35. Rxc4 Kc6 36. b3 b5 37. Rc2 a5 38. Rh2 Bc3 39. Rh6+ Kd5 40. Rh5+ Kd4 41. Rh6 Bd2+ 42. Kf5 Bxh6 43. Ke6 c4 {White resigns} 0-1

[Event "FICS rated blitz game"]
[Site "FICS freechess.org"]
[FICSGamesDBGameNo "20003126"]
[White "LouisS"]
[Black "Cosmopolitan"]
[WhiteElo "1229"]
[BlackElo "1393"]
[WhiteRD "na"]
[BlackRD "na"]
[TimeControl "180+12"]
[Date "1999.10.27"]
[Time "00:58:00"]
[WhiteClock "0:03:00.000"]
[BlackClock "0:03:00.000"]
[ECO "C00"]
[PlyCount "106"]
[Result "0-1"]

1. e4 e6 2. d4 d5 3. Qg4 c5 4. c3 Qb6 5. e5 Nh6 6. Bxh6 gxh6 7. Qe2 cxd4 8. Qb5+ Qxb5 9. Bxb5+ Nc6 10. Bxc6+ bxc6 11. cxd4 Ba6 12. Nc3 Rb8 13. O-O-O h5 14. Nge2 Rg8 15. Ng3 h4 16. Nh5 Rxg2 17. Nf6+ Ke7 18. Nxh7 Rxf2 19. Nxf8 Kxf8 20. b3 Ke7 21. Rdf1 Rg2 22. Rf4 Rh8 23. h3 Bd3 24. Re1 Rh5 25. Nd1 Rxa2 26. Nf2 Rc2+ 27. Kd1 Bf5 28. Rxf5 Rxf5 29. Kxc2 Rxf2+ 30. Kd1 Rf3 31. Kc2 Rxh3 32. b4 f6 33. Ra1 Rh2+ 34. Kb3 fxe5 35. Rxa7+ Kf6 36. Rh7 exd4 37. Rc7 d3 38. Rxc6 Rh3 39. Kc3 d4+ 40. Kd2 Ke5 41. b5 Kd5 42. Rc8 e5 43. b6 e4 44. b7 Rh2+ 45. Kd1 Rb2 46. b8=Q Rxb8 47. Rxb8 e3 48. Rh8 Kc4 49. Rxh4 Kc3 50. Rh2 e2+ 51. Rxe2 dxe2+ 52. Kxe2 Kc2 53. Ke1 d3 {White resigns} 0-1

[Event "FICS rated blitz game"]
[Site "FICS freechess.org"]
[FICSGamesDBGameNo "20003124"]
[White "TerminatorIII"]
[Black "bsl"]
[WhiteElo "1751"]
[BlackElo "2125"]
[WhiteRD "na"]
[BlackRD "na"]
[TimeControl "240+4"]
[Date "1999.10.27"]
[Time "00:06:00"]
[WhiteClock "0:04:00.000"]
[BlackClock "0:04:00.000"]
[ECO "A48"]
[PlyCount "60"]
[Result "0-1"]

1. d4 Nf6 2. Nf3 g6 3. Bg5 Bg7 4. Nbd2 d6 5. e4 h6 6. Bh4 g5 7. Bg3 Nh5 8. c3 Nxg3 9. hxg3 Nd7 10. Bc4 e6 11. Qc2 c6 12. O-O-O b5 13. Bb3 a5 14. a3 Qb6 15. Rhe1 Ba6 16. e5 d5 17. a4 O-O-O 18. axb5 cxb5 19. Nf1 Kb8 20. Ne3 Bb7 21. Kd2 Rc8 22. Ra1 Rc7 23. Ra2 a4 24. Bxa4 bxa4 25. Rxa4 Kc8 26. Rea1 Kd8 27. Ng4 Ke7 28. Qd3 Qxb2+ 29. Qc2 Qxc2+ 30. Kxc2 Rhc8 {White resigns} 0-1

[Event "FICS rated blitz game"]
[Site "FICS freechess.org"]
[FICSGamesDBGameNo "20003123"]
[White "dgilchrist"]
[Black "blt"]
[WhiteElo "1555"]
[BlackElo "1605"]
[WhiteRD "na"]
[BlackRD "na"]
[TimeControl "300+0"]
[Date "1999.10.26"]
[Time "23:31:00"]
[WhiteClock "0:05:00.000"]
[BlackClock "0:05:00.000"]
[ECO "C20"]
[PlyCount "109"]
[Result "1-0"]

1. e4 e5 2. Qh5 Nc6 3. Bc4 d5 4. exd5 Nf6 5. Qf3 e4 6. Qe3 b6 7. dxc6 Bc5 8. Qg3 O-O 9. Ne2 Bd6 10. Qh4 Bg4 11. Nbc3 Re8 12. h3 Bxe2 13. Nxe2 Be7 14. O-O Qd6 15. Qf4 Qxc6 16. b3 Bd6 17. Qg5 b5 18. Nd4 h6 19. Nxc6 hxg5 20. Bxb5 Re5 21. Nxe5 Bxe5 22. Bc6 Rb8 23. c3 Rb6 24. Ba4 Nd5 25. Ba3 Nf4 26. Bc5 Ne2+ 27. Kh1 Rh6 28. Rae1 Nf4 29. Bd7 Nd3 30. Rxe4 Nxc5 31. Rxe5 Nxd7 32. Re8+ Kh7 33. Re7 Rd6 34. d4 f6 35. Rf7 a5 36. Re1 Kg6 37. Ree7 Nb6 38. Rxg7+ Kf5 39. g4+ Kf4 40. Rxc7 Nd5 41. Rc5 Kf3 42. Kg1 Nf4 43. Rf5 Ke2 44. Re7+ Kd1 45. Rxf4 gxf4 46. Re4 Kc2 47. c4 Kc3 48. d5 Kb2 49. Re2+ Kc3 50. f3 Kd4 51. h4 f5 52. g5 a4 53. h5 Kd3 54. Re6 axb3 55. Rxd6 {Black forfeits on time} 1-0

[Event "FICS rated blitz game"]
[Site "FICS freechess.org"]
[FICSGamesDBGameNo "20003122"]
[White "pion"]
[Black "rnolet"]
[WhiteElo "1437"]
[BlackElo "1480"]
[WhiteRD "na"]
[BlackRD "na"]
[TimeControl "180+0"]
[Date "1999.10.26"]
[Time "22:34:00"]
[WhiteClock "0:03:00.000"]
[BlackClock "0:03:00.000"]
[ECO "C10"]
[PlyCount "46"]
[Result "0-1"]

1. e4 e6 2. d4 d5 3. Nc3 dxe4 4. Nxe4 Nf6 5. Bd3 c5 6. dxc5 Bxc5 7. Nxc5 Qa5+ 8. Bd2 Qxc5 9. Nf3 Nc6 10. O-O O-O 11. a3 Rd8 12. Qe1 Qb6 13. Rb1 a5 14. Bg5 Qc7 15. Qc3 Qe7 16. Rfe1 h6 17. Bh4 g5 18. Bg3 Nd5 19. Qc4 Bd7 20. Qg4 e5 21. Qh5 Qf6 22. Nxe5 Nf4 23. Bxf4 Qxf4 {White resigns} 0-1

[Event "FICS rated lightning game"]
[Site "FICS freechess.org"]
[FICSGamesDBGameNo "20003121"]
[White "Gavza"]
[Black "Runty"]
[WhiteElo "1607"]
[BlackElo "1898"]
[WhiteRD "na"]
[BlackRD "na"]
[TimeControl "60+0"]
[Date "1999.10.26"]
[Time "21:17:00"]
[WhiteClock "0:01:00.000"]
[BlackClock "0:01:00.000"]
[ECO "A00"]
[PlyCount "52"]
[Result "0-1"]

1. e3 d5 2. d4 Bf5 3. Be2 e6 4. Nf3 Bg6 5. O-O Bd6 6. h3 c6 7. c4 Nf6 8. c5 Bc7 9. b4 Nbd7 10. a4 a6 11. Nc3 O-O 12. b5 axb5 13. Bb2 bxa4 14. Rxa4 Rxa4 15. Nxa4 b6 16. Nxb6 Nxb6 17. cxb6 Bxb6 18. Bc3 c5 19. dxc5 Bxc5 20. Bd4 Qd6 21. Bxf6 gxf6 22. Nd4 Bb6 23. Nb3 Bc7 24. g3 Be4 25. f3 Qxg3+ 26. Kh1 Qh2# {White checkmated} 0-1

[Event "FICS rated blitz game"]
[Site "FICS freechess.org"]
[FICSGamesDBGameNo "20003120"]
[White "amirl"]
[Black "Blitzdoc"]
[WhiteElo "1746"]
[BlackElo "1872"]
[WhiteRD "na"]
[BlackRD "na"]
[TimeControl "180+0"]
[Date "1999.10.26"]
[Time "20:24:00"]
[WhiteClock "0:03:00.000"]
[BlackClock "0:03:00.000"]
[ECO "D20"]
[PlyCount "118"]
[Result "1/2-1/2"]

1. d4 d5 2. c4 dxc4 3. e4 b5 4. a4 c6 5. b3 cxb3 6. Nf3 Nf6 7. e5 Nd5 8. axb5 Qb6 9. Qxb3 e6 10. Bd2 Bd7 11. Na3 Bxa3 12. Qxa3 cxb5 13. Bb4 Nc6 14. Bc5 Qb7 15. Qa6 Qxa6 16. Rxa6 b4 17. Bc4 Nc7 18. Ra1 a5 19. O-O Na6 20. Bxa6 Rxa6 21. Nd2 f6 22. f4 Kf7 23. Nc4 Rd8 24. Nb6 b3 25. Nxd7 Rxd7 26. Rfb1 Rb7 27. Ra3 a4 28. Kf2 Nb4 29. Bxb4 Rxb4 30. Ke3 Rc4 31. Kd3 Rc2 32. g4 Rxh2 33. Kc3 Rh4 34. exf6 Kxf6 35. Kb4 Rxg4 36. Rxa4 Rxa4+ 37. Kxa4 Rxf4 38. Kxb3 Rxd4 39. Kc3 Rf4 40. Rg1 g5 41. Kd3 h5 42. Ke3 h4 43. Rh1 e5 44. Ke2 Rg4 45. Ke3 Rg3+ 46. Kf2 g4 47. Re1 Rf3+ 48. Kg2 h3+ 49. Kh2 Kf5 50. Rg1 e4 51. Rg3 Rf2+ 52. Kg1 Rg2+ 53. Rxg2 hxg2 54. Kxg2 Kf4 55. Kg1 e3 56. Kf1 Kf3 57. Ke1 g3 58. Kf1 g2+ 59. Kg1 e2 {Game drawn because both players ran out of time} 1/2-1/2

[Event "FICS rated blitz game"]
[Site "FICS freechess.org"]
[FICSGamesDBGameNo "20003119"]
[White "Lerxt"]
[Black "Vectra"]
[WhiteElo "1380"]
[BlackElo "1422"]
[WhiteRD "na"]
[BlackRD "na"]
[TimeControl "300+0"]
[Date "1999.10.26"]
[Time "19:27:00"]
[WhiteClock "0:05:00.000"]
[BlackClock "0:05:00.000"]
[ECO "B12"]
[PlyCount "138"]
[Result "0-1"]

1. e4 c6 2. d4 d5 3. e5 Bf5 4. Nf3 e6 5. Nh4 Be7 6. Nxf5 exf5 7. Nc3 Nd7 8. Bf4 Qb6 9. Na4 Qc7 10. Bd3 b5 11. Nc5 Nxc5 12. dxc5 b4 13. O-O Qd7 14. Re1 Nh6 15. e6 fxe6 16. Ba6 Bxc5 17. Qh5+ Nf7 18. Be5 g6 19. Qe2 Nxe5 20. Qxe5 Kf7 21. c3 Bd6 22. Qd4 bxc3 23. Qxc3 Rab8 24. Rac1 Rb6 25. Bd3 Bb4 26. Qxh8 Bxe1 27. Rxe1 Rxb2 28. Qxh7+ Ke8 29. Qxg6+ Qf7 30. Qxf7+ Kxf7 31. a4 Ra2 32. h3 Rxa4 33. Kh2 Ra2 34. f3 a5 35. Rc1 Ra3 36. Ba6 Ra2 37. Rxc6 a4 38. Rc7+ Kf6 39. Ra7 a3 40. Bc8 d4 41. Bd7 d3 42. Ba4 d2 43. Kg3 Ra1 44. Bc2 d1=Q 45. Bxd1 Rxd1 46. Rxa3 Rd2 47. h4 Kg6 48. Re3 Rd6 49. Kf4 Kh5 50. g3 Ra6 51. Ke5 Kg6 52. g4 fxg4 53. fxg4 Kf7 54. h5 Ra5+ 55. Kf4 Ra6 56. g5 Ra4+ 57. Kf3 Rh4 58. h6 Kg6 59. Rxe6+ Kxg5 60. h7 Rxh7 61. Re5+ Kf6 62. Ke4 Rh4+ 63. Kd5 Ra4 64. Re1 Ra5+ 65. Kd4 Ra4+ 66. Kd3 Ra3+ 67. Kd2 Ra8 68. Ke2 Kf5 69. Rf1+ Ke4 {White forfeits on time} 0-1

[Event "FICS rated lightning game"]
[Site "FICS freechess.org"]
[FICSGamesDBGameNo "20003118"]
[White "France"]
[Black "Rongley"]
[WhiteElo "1656"]
[BlackElo "1574"]
[WhiteRD "na"]
[BlackRD "na"]
[TimeControl "0+1"]
[Date "1999.10.26"]
[Time "18:58:00"]
[WhiteClock "0:10.000"]
[BlackClock "0:10.000"]
[ECO "B20"]
[PlyCount "61"]
[Result "1-0"]

1. e4 c5 2. e5 d6 3. f4 f6 4. exf6 exf6 5. Nf3 Be7 6. Bc4 Nh6 7. O-O Nc6 8. d4 Na5 9. Bd5 Bd7 10. Re1 Nf5 11. dxc5 dxc5 12. Qd2 Qc7 13. Qc3 Nc6 14. Bd2 Ncd4 15. Na3 Nxf3+ 16. gxf3 Nh6 17. Be4 Nf5 18. Be3 Nd4 19. Bxd4 cxd4 20. Qd3 O-O 21. Red1 g6 22. Nc4 Qd6 23. Nxd6 Bxd6 24. Bd5+ Kh8 25. Qxd4 b6 26. Kg2 Bc5 27. Qc4 a5 28. Be4 Be7 29. Rxd7 Rfd8 30. Rxe7 Rd2+ 31. Kg3 {Black forfeits on time} 1-0

[Event "FICS rated blitz game"]
[Site "FICS freechess.org"]
[FICSGamesDBGameNo "20003117"]
[White "gll"]
[Black "Leppur"]
[WhiteElo "1447"]
[BlackElo "1410"]
[WhiteRD "na"]
[BlackRD "na"]
[TimeControl "120+12"]
[Date "1999.10.26"]
[Time "18:54:00"]
[WhiteClock "0:02:00.000"]
[BlackClock "0:02:00.000"]
[ECO "D19"]
[PlyCount "100"]
[Result "0-1"]

1. d4 d5 2. c4 c6 3. Nf3 Nf6 4. Nc3 dxc4 5. a4 Bf5 6. e3 e6 7. Bxc4 Bb4 8. O-O Nbd7 9. Qe2 O-O 10. Nd2 e5 11. e4 Bg4 12. f3 Bh5 13. dxe5 Nxe5 14. Bb3 Bc5+ 15. Kh1 Qc7 16. g4 Nfxg4 17. fxg4 Bxg4 18. Qg2 Qd6 19. Nc4 Nxc4 20. Bxc4 Bh5 21. Bf4 Qe7 22. Bh6 Bg6 23. Bg5 Qd6 24. Bf4 Qe7 25. Bg5 Qe5 26. Bf4 Qe7 27. Rad1 Rad8 28. Rde1 Bd4 29. Bg5 Qe5 30. Bxd8 Bxc3 31. bxc3 Rxd8 32. Qg3 Qc5 33. Bb3 h6 34. e5 Kh8 35. Rd1 Re8 36. Rfe1 b5 37. e6 Rxe6 38. Bxe6 Bc2 39. Rd8+ Kh7 40. Bxf7 bxa4 41. Qg6+ Bxg6 42. Bxg6+ Kxg6 43. Rg1+ Kh5 44. Rxg7 Qf2 45. Rc8 a3 46. Rg2 Qe1+ 47. Rg1 Qxc3 48. Rg3 Qe1+ 49. Rg1 Qe4+ 50. Rg2 a2 {White resigns} 0-1